 Dungeon Crawl Stone Soup version 0.32-a0-306-gfed3edf829 (webtiles) character file.

Game seed: 5060033112225551550

1618131 Daunt the End of an Era (level 26, 246/246 HPs)
             Began as a Mountain Dwarf Fire Elementalist on Feb 14, 2024.
             Was the Champion of Qazlal.
             Escaped with the Orb
             ... and 3 runes on Feb 17, 2024!
             The game lasted 09:45:55 (73860 turns).

Daunt the End of an Era (MDFE)                     Turns: 73860, Time: 09:45:55

Health: 246/246    AC: 36    Str: 23      XL:     26   Next: 36%
Magic:  41/41      EV:  8    Int: 26 (27) God:    Qazlal [******]
Gold:   1245       SH: 15    Dex: 10      Spells: 3/53 levels left

rFire   + + .        a - +7 demon trident (elec)
rCold   + . .        x - +2 buckler "Zaysm" {+Inv Regen+}
rNeg    + . .        e - +3 gold dragon scales
rPois   +            (helmet restricted)
rElec   +            T - +1 cloak of Resilience {Regen+ rCorr Str+3 Int+4 Dex-3}
rCorr   +            v - +3 pair of gloves "Tuiwion" {rPois Will++ Stlth+}
SInv    .            i - +1 pair of boots of the Salmon {rN+ Dex+3}
Will    ++++.        B - amulet of regeneration Stlth
                     n - +4 ring of slaying
HPRegen 3.01/turn    k - ring "Hekuv" {rElec rF+ Int+6 Stlth-}
MPRegen 0.27/turn

%: repel missiles
@: studying Unarmed Combat
A: runic magic, artefact enchanting, horns 1, deterioration 1, dopey 1, passive
freeze, poison resistance, inability to read after injury 2, MP-powered wands
0: Orb of Zot
}: 3/15 runes: barnacled, slimy, gossamer
a: Renounce Religion, Evoke Invisibility, Upheaval, Elemental Force, Disaster
Area


You escaped.
You worshipped Qazlal.
Qazlal was exalted by your worship.
You visited 10 branches of the dungeon, and saw 51 of its levels.
You also visited: Trove, Ice Cave and Volcano.

You collected 7993 gold pieces.
You spent 6748 gold pieces at shops.

Inventory:

Hand Weapons
 a - a +7 demon trident of electrocution (weapon)
 b - a +0 trishula of holy wrath
Missiles
 u - 8 throwing nets
 R - 6 curare-tipped darts
Armour
 e - +3 gold dragon scales (worn)
 i - the +1 pair of boots of the Salmon (worn) {rN+ Dex+3}
   (You found it on level 1 of the Vaults)

   Dex+3:     It affects your dexterity (+3).
   rN+:       It protects you from negative energy.
 v - the +3 pair of gloves "Tuiwion" (worn) {rPois Will++ Stlth+}
   (You found it on level 2 of the Depths)

   rPois:     It protects you from poison Will++: It greatly increases your
   willpower.
   Stlth+:    It makes you more stealthy.
 x - the +2 buckler "Zaysm" (worn) {+Inv Regen+}
   (You acquired it on level 2 of the Elven Halls)

   +Inv:      It lets you turn invisible.
   Regen+:    It increases your rate of health regeneration.
 H - a +2 helmet of see invisible
 T - the +1 cloak of Resilience (worn) {Regen+ rCorr Str+3 Int+4 Dex-3}
   (You found it on level 3 of the Elven Halls)

   Str+3:     It affects your strength (+3).
   Int+4:     It affects your intelligence (+4).
   Dex-3:     It affects your dexterity (-3).
   Regen+:    It increases your rate of health regeneration.
   rCorr:     It protects you from acid and corrosion.
 Z - a +2 buckler of cold resistance
Jewellery
 k - the ring "Hekuv" (right hand) {rElec rF+ Int+6 Stlth-}
   (You found it in a treasure trove)

   [ring of intelligence]

   Int+6:     It affects your intelligence (+6).
   rF+:       It protects you from fire.
   rElec:     It insulates you from electricity.
   Stlth-:    It makes you less stealthy.
 n - a +4 ring of slaying (left hand)
 B - an amulet of regeneration (around neck)
 U - the ring "Anaehehi" {rF+ rC- rN+++ MP+9 Str+4 Stlth-}
   (You found it on level 5 of the Pits of Slime)

   [ring of protection from fire]

   Str+4:     It affects your strength (+4).
   rF+:       It protects you from fire.
   rC-:       It makes you vulnerable to cold.
   rN+++:     It renders you almost immune to negative energy.
   MP+9:      It affects your magic capacity (+9).
   Stlth-:    It makes you less stealthy.
Wands
 f - a wand of quicksilver (32)
 p - a wand of digging (18)
 A - a wand of paralysis (31)
 D - a wand of roots (77)
 J - a wand of mindburst (28)
Scrolls
 c - 13 scrolls of poison
 d - 6 scrolls of fear
 m - a scroll of revelation
 o - 6 scrolls of fog
 s - 3 scrolls of immolation
 y - 12 scrolls of teleportation
 C - 7 scrolls of vulnerability
 G - 2 scrolls of summoning
 N - 3 scrolls of blinking
 P - 3 scrolls of amnesia
 S - 4 scrolls of silence
Potions
 g - 9 potions of brilliance
 h - 5 potions of might
 j - 3 potions of lignification
 l - 4 potions of enlightenment
 r - 6 potions of cancellation
 t - a potion of mutation
 w - 7 potions of curing
 F - 12 potions of ambrosia
 I - 6 potions of haste
 L - 7 potions of magic
 M - 5 potions of invisibility
 O - 13 potions of heal wounds
 W - 5 potions of resistance
 X - 2 potions of berserk rage
 Y - 8 potions of attraction
Miscellaneous
 q - a phial of floods
 z - a phantom mirror
 E - a box of beasts
 K - a lightning rod (4/4)
 Q - a condenser vane


   Skills:
 + Level 21.8 Fighting
 - Level 14.0 Polearms
 - Level 20.0 Armour
 - Level 10.0 Dodging
 - Level 1.4 Stealth
 - Level 6.0 Shields
 - Level 14.0 Spellcasting
 - Level 6.6 Conjurations
 - Level 21.0 Summonings
 - Level 14.0 Translocations
 - Level 10.8 Fire Magic
 - Level 6.0 Earth Magic
 + Level 24.0 Invocations
 - Level 7.0 Evocations


You had 3 spell levels left.
You knew the following spells:

 Your Spells              Type           Power      Damage    Failure   Level
a - Foxfire               Conj/Fire      100%       2x1d9     1%          1
b - Blink                 Tloc           100%       N/A       1%          2
c - Summon Cactus Giant   Summ           45%        N/A       1%          6
d - Manifold Assault      Tloc           74%        N/A       1%          4
f - Summon Forest         Summ/Tloc      41%        N/A       1%          5
h - Summon Hydra          Summ           45%        N/A       1%          7
l - Lesser Beckoning      Tloc           100%       N/A       1%          2
m - Malign Gateway        Summ/Tloc      41%        N/A       4%          7
n - Animate Armour        Summ/Erth      100%       N/A       1%          4
s - Sticky Flame          Fire/Alch      46%        2d9       9%          4
t - Summon Horrible Thin  Summ           45%        N/A       9%          8

Your spell library contained the following spells:

 Spells                   Type           Power      Damage    Failure   Level
 Summon Small Mammal      Summ           100%       N/A       0%          1
 Call Imp                 Summ           100%       N/A       0%          2
 Call Canine Familiar     Summ           91%        N/A       0%          3
 Apportation              Tloc           100%       N/A       1%          1
 Magic Dart               Conj           100%       1d8       1%          1
 Shock                    Conj/Air       100%       1d9       1%          1
 Sting                    Conj/Alch      100%       1d9       1%          1
 Momentum Strike          Conj/Tloc      100%       3d10      1%          2
 Scorch                   Fire           100%       2d9       1%          2
 Gell's Gravitas          Tloc           74%        N/A       1%          3
 Summon Ice Beast         Ice/Summ       64%        N/A       1%          3
 Teleport Other           Tloc           74%        N/A       1%          3
 Volatile Blastmotes      Fire/Tloc      100%       2d18      1%          3
 Static Discharge         Conj/Air       70%        3-6/arc   2%          2
 Inner Flame              Hex/Fire       46%        N/A       2%          3
 Dazzling Flash           Conj/Hex       70%        N/A       5%          3
 Hailstorm                Conj/Ice       35%        3d8       5%          3
 Freeze                   Ice            72%        1d8       8%          1
 Slow                     Hex            72%        N/A       8%          1
 Mephitic Cloud           Conj/Alch/Air  29%        N/A       9%          3
 Jinxbite                 Hex            36%        N/A       11%         2
 Mercury Vapours          Alch/Air       36%        N/A       11%         2
 Confusing Touch          Hex            18%        N/A       22%         3
 Frozen Ramparts          Ice            36%        1d6       22%         3
 Fugue of the Fallen      Necr           18%        N/A       22%         3
 Ozocubu's Armour         Ice            18%        N/A       22%         3
 Sigil of Binding         Hex            18%        N/A       22%         3
 Tukima's Dance           Hex            18%        N/A       22%         3
 Vampiric Draining        Necr           18%        2d7       22%         3
 Flame Wave               Conj/Fire      59%        2d14      1%          4
 Passage of Golubria      Tloc           74%        N/A       1%          4
 Summon Blazeheart Golem  Fire/Summ      79%        N/A       1%          4
 Summon Lightning Spire   Summ/Air       64%        N/A       1%          4
 Monstrous Menagerie      Summ           45%        N/A       1%          7
 Summon Mana Viper        Hex/Summ       64%        N/A       2%          5
 Dimensional Bullseye     Hex/Tloc       26%        N/A       4%          4
 Vhi's Electric Charge    Tloc/Air       100%       N/A       4%          4
 Ignite Poison            Fire/Alch      46%        N/A       9%          4
 Lee's Rapid Deconstruct  Erth           24%        3d13*     17%         5
 Leda's Liquefaction      Alch/Erth      16%        N/A       22%         4
 Spellforged Servitor     Conj/Summ      37%        N/A       22%         7
 Arcjolt                  Conj/Air       17%        1d27      45%         5
 Irradiate                Conj/Alch      17%        3d17      45%         5
 Airstrike                Air            9%         2d(2-18)  58%         4
 Anguish                  Hex/Necr       9%         N/A       58%         4
 Cause Fear               Hex            9%         N/A       58%         4
 Olgreb's Toxic Radiance  Alch           18%        N/A       58%         4
 Bombard                  Conj/Erth      25%        9d5       63%         6
 Alistair's Intoxication  Alch           12%        N/A       90%         5
 Yara's Violent Unravell  Hex/Alch       9%         3d6       90%         5
 Eringya's Noxious Bog    Alch           9%         4d6       100%        6
 Sculpt Simulacrum        Ice/Alch       9%         N/A       100%        6
 Enfeeble                 Hex            9%         N/A       100%        7
 Ozocubu's Refrigeration  Ice            9%         4d9       100%        7
 Maxwell's Capacitive Co  Air            9%         ∞         100%        8
 Death's Door             Necr           9%         N/A       100%        9
 Fire Storm               Conj/Fire      29%        8d8       100%        9
 Polar Vortex             Ice            9%         12d1*     100%        9


Dungeon Overview and Level Annotations

Branches:
Dungeon (15/15)            Temple (0/1) D:4            Lair (5/5) D:11
 Shoals (4/4) Lair:2       Spider (4/4) Lair:2        Slime (5/5) Lair:4
    Orc (2/2) D:10            Elf (3/3) Orc:2        Vaults (4/5) D:14
  Crypt (0/3) Vaults:2     Depths (4/4) D:15            Zot (5/5) Depths:4
  IceCv (visited)         Volcano (visited)

Altars:
Ashenzari
Dithmenos
Elyvilon
Fedhas
Gozag
Hepliaklqana
Kikubaaqudgha
Makhleb
Qazlal
Ru
Sif Muna
Trog
Vehumet
Wu Jian
Xom
Yredelemnul
Zin
The Shining One
Beogh
Jiyva
Lugonu

Shops:
D:7 (   D:8 *   D:12 *   Orc:2 :!:(   Elf:1 !   Elf:2 [   Shoals:2 [
Shoals:3 !   Vaults:1 *(   Vaults:2 ?*[(*   Vaults:3 ?   Depths:2 !*::
Depths:4 *

Portals:
Hell: Depths:1 Depths:2 Depths:3 Depths:4
Abyss: Depths:1 Depths:3 Depths:4
Pandemonium: Depths:1 Depths:2 Depths:3
Ziggurat: Depths:1

Annotations:
D:2 1 runed translucent door, Crazy Yiuf
Depths:3 1 runed translucent door


Innate Abilities, Weirdness & Mutations

Your spellcasting is much less encumbered by armour.
You can use scrolls of enchantment on lesser artefacts.
You have a pair of small horns on your head.
Your body sometimes deteriorates upon taking damage.
You are dopey. (Int -2)
A frigid envelope surrounds you and freezes all who hurt you.
Your system is resistant to poisons. (rPois)
You sometimes lose the ability to read scrolls when taking damage.
You expend magic power (3 MP) to strengthen your wands.


Message History

There is a stone staircase leading down here.
There is a stone staircase leading up here.
You climb upwards.
There is a stone staircase leading down here.
There is a stone staircase leading up here.
You climb upwards.
There is a stone staircase leading down here.
You hear a roar!
There is a stone staircase leading up here.
You climb upwards.
Level annotation: 1 runed translucent door, Crazy Yiuf
There is a stone staircase leading down here.
Magic restored.
There is a stone staircase leading up here.
You climb upwards.
There is a stone staircase leading down here.
An Orb Guardian comes into view.
You impale the Orb Guardian!! Your headbutt misses the Orb Guardian.
The Orb Guardian is moderately wounded.
You block the Orb Guardian's attack.
You closely miss the Orb Guardian. Your headbutt misses the Orb Guardian.
The Orb Guardian is moderately wounded.
The Orb Guardian hits you but does no damage.
The Orb Guardian is very cold.
The Orb Guardian is moderately wounded.
You barely miss the Orb Guardian.
The Orb Guardian is moderately wounded.
You block the Orb Guardian's attack.
You impale the Orb Guardian!!
Lightning courses through the Orb Guardian!
Your headbutt misses the Orb Guardian.
The Orb Guardian is almost dead.
You block the Orb Guardian's attack.
You impale the Orb Guardian!!
You kill the Orb Guardian!
Qazlal accepts your kill.
You feel your dexterity returning.
No target in view!
There is a staircase leading out of the dungeon here.
You have escaped!

#...#
#...#
#...#
#.#.#
#.#.#
#...#
#.☼.#
#..§#
#.@.#
#####


There were no monsters in sight!

Vanquished Creatures
  the Royal Jelly (Slime:5)
  2 orbs of fire
  2 Killer Klowns (Zot:5)
  6 golden dragons
  2 electric golems
  6 tentacled monstrosities
  15 Orb Guardians
  A lich (Depths:3)
  A deep elf blademaster (Elf:3)
  4 sphinxes
  A kraken (Shoals:3)
  3 quicksilver dragons
  An Executioner (Zot:3)
  13 acid blobs
  A death cob (Zot:1)
  2 shadow dragons
  7 azure jellies
  5 storm dragons
  4 draconian knights
  A draconian monk (Zot:1)
  A daeva (Shoals:4)
  3 rockslimes
  3 protean progenitors
  3 draconian shifters
  3 deep elf sorcerers (Elf:3)
  A fire giant (Depths:3)
  An iron dragon (Depths:3)
  3 frost giants
  6 ghost moths
  2 emperor scorpions (Spider:4)
  4 vault wardens
  3 deep elf elementalists
  The ghost of zenocrate the Covert, a journeyman GnDe of Cheibriados (Lair:5)
  An orc warlord (Vaults:2)
  2 draconian annihilators (Zot:1)
  10 quicksilver oozes (Slime:5)
  A caustic shrike zombie (Depths:3)
  A formless jellyfish (Slime:5)
  5 draconian stormcallers
  9 ironbound preservers
  A spriggan defender (Depths:2)
  10 stone giants
  2 ironbound thunderhulks
  4 broodmothers
  3 vampire knights (Depths:3)
  6 very ugly things
  10 green draconians
  4 black draconians
  A deep elf death mage (Elf:3)
  4 white draconians
  3 deep elf demonologists (Elf:3)
  5 yellow draconians
  8 deep elf annihilators
  Azrael (Elf:1)
  2 dire elephants (Vaults:1)
  6 red draconians
  5 purple draconians
  3 merfolk javelineers
  3 spark wasps
  9 ettins
  5 yaktaur captains
  6 fire dragons
  7 merfolk impalers (Shoals:4)
  4 entropy weavers
  2 deep elf high priests (Elf:3)
  5 vault guards
  2 rakshasas
  An ice dragon (Zot:1)
  Josephine (D:12)
  8 hydras
  3 spriggan air magi
  The ghost of Splishie the Slicer, a journeyman DrSh of Okawaru (Lair:1)
  12 boulder beetles
  7 great orbs of eyes
  An anaconda (Lair:5)
  A jorogumo (Spider:4)
  5 ironbound frosthearts
  6 centaur warriors
  A merfolk avatar (Shoals:3)
  2 ogre magi (Orc:2)
  2 death knights
  2 satyrs
  Erica (D:11)
  2 merfolk aquamancers
  A catoblepas (Lair:2)
  19 dancing weapons
  8 tengu warriors
  14 death yaks
  2 two-headed ogres
  6 deep troll shamans
  A hell hog (Lair:5)
  10 deep troll earth magi
  10 demonic crawlers
  2 hell knights
  3 spriggan berserkers
  An occultist (D:15)
  2 sun demons
  14 deep elf knights
  4 skysharks
  7 skeletal warriors
  3 iron trolls
  32 deep trolls
  4 sea snakes
  A salamander mystic (Volcano)
  6 pharaoh ants
  A glowing orange brain (shapeshifter) (Depths:3)
  A flayed ghost (Depths:3)
  3 sun moths
  A mana viper (Zot:1)
  8 orb spiders
  4 glowing orange brains
  3 nameless horrors
  A phantasmal warrior (Vaults:3)
  4 arcanists
  5 steelbarb worms
  8 deep elf archers
  7 lindwurms
  7 ironbound convokers
  9 harpies
  5 orc knights
  A stone giant zombie (Vaults:3)
  15 deep elf pyromancers
  22 deep elf zephyrmancers
  A spectral boulder beetle (Lair:1)
  2 necromancers
  7 fauns
  7 wolf spiders
  A human zombie (Vaults:3)
  6 salamanders (Volcano)
  A shining eye (Slime:5)
  9 cyclopes
  14 manticores
  26 ugly things
  4 merfolk sirens
  9 orc sorcerers
  9 elephants
  4 meliai
  2 guardian serpents (D:12)
  25 moths of wrath
  2 human skeletons (Vaults:4)
  9 black mambas
  A kobold blastminer (Orc:2)
  2 ice statues (IceCv)
  An eye of devastation (Slime:4)
  Maggie (D:6)
  20 torpor snails
  8 vault sentinels
  2 large abominations
  A storm dragon simulacrum (Vaults:4)
  12 cane toads
  2 water nymphs
  2 gargoyles
  2 unseen horrors
  Jeremiah (D:7)
  8 rime drakes
  26 yaktaurs
  A kobold demonologist (D:12)
  4 tengu conjurers
  A rime drake (shapeshifter) (Elf:1)
  11 komodo dragons
  A freezing wraith (D:15)
  2 ice devils (D:12)
  A tormentor (Zot:1)
  3 trolls
  3 tyrant leeches (Lair:5)
  2 wind drakes
  14 merfolk
  7 snapping turtles
  16 tarantellas
  A troll (shapeshifter) (Elf:3)
  11 polar bears
  3 raiju (Lair:5)
  A glass eye (Slime:5)
  Grinder (D:6)
  10 hornets
  10 blink frogs
  A raiju (shapeshifter) (D:13)
  11 dream sheep
  An ettin zombie (Vaults:4)
  58 slime creatures
  22 jumping spiders
  4 spriggans
  Sigmund (D:6)
  5 culicivoras
  A shadow (D:12)
  2 air elementals
  A centaur simulacrum (D:14)
  10 water elementals
  An ettin skeleton (Vaults:4)
  2 vampires
  An elf zombie (Vaults:3)
  7 basilisks
  45 yaks
  4 wraiths
  5 fire elementals
  7 wargs
  A yak (shapeshifter) (D:15)
  A hog (shapeshifter) (Depths:2)
  5 wyverns
  A spectral fire crab (Lair:1)
  25 redbacks
  7 golden eyes
  A steam dragon (D:9)
  7 vampire mosquitoes
  A glowing shapeshifter zombie (Depths:3)
  An acid dragon (D:14)
  14 hell hounds
  15 water moccasins
  14 black bears
  2 sky beasts
  A swamp drake (Orc:2)
  An ice beast (D:6)
  13 orc warriors
  7 ogres
  24 wolves
  3 centaurs
  2 kobold brigands
  12 bullfrogs
  A scorpion (D:6)
  2 earth elementals
  3 wights (D:9)
  6 lindwurm simulacra (IceCv)
  6 howler monkeys
  4 electric eels
  A crimson imp (Orc:2)
  3 bombardier beetles
  3 hounds
  5 komodo dragon simulacra (IceCv)
  15 orc priests
  2 gnoll boudas
  4 jellies
  An iron imp (Orc:2)
  3 iguanas (D:4)
  36 orc wizards
  6 hell rats
  15 gnolls
  5 acid dragon simulacra (IceCv)
  12 adders
  A shadow imp (D:6)
  3 white imps
  5 steam dragon simulacra (IceCv)
  2 ufetubi (D:6)
  A ribbon worm (D:3)
  3 dart slugs
  72 orcs
  8 bats
  9 endoplasms
  5 giant cockroaches
  6 goblins
  7 hobgoblins
  15 jackals
  17 kobolds
  3 quokkas
  3 training dummies (D:7)
  6 ball pythons
  2 frilled lizards
  3 rats
  2 aspiring fleshes
  21 foxfires
  12 snaplasher vines
  2 tentacles (Shoals:3)
1591 creatures vanquished.

Vanquished Creatures (collateral kills)
  A dread lich (Zot:5)
  6 orbs of fire
  Mara (Vaults:3)
  An ancient lich (Zot:5)
  A juggernaut (Depths:4)
  Bai Suzhen (Depths:1)
  Boris (Depths:1)
  2 Killer Klowns
  Saint Roka (Depths:1)
  3 curse toes
  the Enchantress (Depths:2)
  2 bone dragons
  Norris (Depths:1)
  6 golden dragons
  Arachne (Spider:4)
  3 doom hounds (Zot:1)
  An Ice Fiend (D:14)
  2 electric golems
  The ghost of AutarchDCSS the Convoker, an adept MDRe of Lugonu (Vaults:2)
  14 tentacled monstrosities
  A walking crystal tome (Depths:3)
  Grunn (Zot:1)
  A lich (Depths:3)
  13 Orb Guardians (Zot:5)
  2 deep elf blademasters
  3 quicksilver dragons
  A walking divine tome (Depths:3)
  An Executioner (D:13)
  2 sphinxes
  4 acid blobs
  2 death cobs
  5 shadow dragons
  11 storm dragons
  3 draconian monks
  Roxanne (Shoals:1)
  5 rockslimes
  A tengu reaver (Depths:3)
  3 azure jellies
  2 emperor scorpions (Spider:4)
  2 protean progenitors
  2 draconian knights
  A draconian shifter (Zot:5)
  An iron dragon (Depths:3)
  2 fire giants
  A deep elf sorcerer (Elf:3)
  9 vault wardens
  A deep elf elementalist (Elf:3)
  A ghost moth (Lair:2)
  4 draconian stormcallers
  2 frost giants
  Louise (Spider:2)
  A reaper (Zot:1)
  3 draconian scorchers
  An orc warlord (Vaults:1)
  2 formless jellyfish
  2 spriggan defenders (Depths:2)
  9 very ugly things
  4 quicksilver oozes
  A juggernaut skeleton (Depths:3)
  6 ironbound preservers
  4 broodmothers
  A draconian annihilator (Zot:2)
  An ironbound thunderhulk (Vaults:3)
  An apis (Shoals:3)
  6 stone giants
  5 green draconians
  4 deep elf death magi (Elf:3)
  A bunyip (shapeshifter) (Depths:4)
  A vampire knight (Depths:4)
  A deep elf annihilator (Elf:3)
  3 spark wasps (Depths:4)
  2 lorocyprocas
  5 deep elf demonologists (Elf:3)
  5 dire elephants
  5 purple draconians
  4 red draconians
  7 white draconians
  8 black draconians
  A green death (Depths:2)
  4 ettins
  4 yellow draconians
  4 merfolk impalers
  4 fire dragons
  2 merfolk javelineers (Shoals:4)
  3 entropy weavers
  A great orb of eyes (Vaults:2)
  A rakshasa (Depths:1)
  4 yaktaur captains
  3 ice dragons
  2 deep elf high priests (Elf:3)
  6 spriggan air magi
  A peacekeeper (Vaults:4)
  2 alligator snapping turtles (Shoals:4)
  4 vault guards
  6 merfolk aquamancers (Shoals:4)
  The ghost of Ynexoj the Summoner, a journeyman TeSu of Ashenzari (Spider:2)
  2 jorogumos
  A radroach (Spider:4)
  3 centaur warriors
  3 merfolk avatars
  11 dancing weapons
  5 death yaks (Shoals:4)
  3 two-headed ogres
  5 boulder beetles
  2 two-headed ogres (shapeshifter)
  A satyr (Shoals:1)
  3 deep troll earth magi
  A death knight (Vaults:2)
  8 deep troll shamans
  An orc high priest (Elf:1)
  4 spriggan berserkers
  3 tengu warriors
  11 demonic crawlers
  4 deep elf knights
  3 hell knights
  2 death drakes (Zot:5)
  6 iron trolls
  A golden dragon zombie (Depths:3)
  2 pharaoh ants
  6 sea snakes
  A shadow demon (Depths:2)
  A spectral death yak (Lair:1)
  3 cherubim (Shoals:4)
  An orb spider (Spider:1)
  5 skysharks
  A shadow wraith (Vaults:2)
  A sun moth (Spider:2)
  45 deep trolls
  3 flayed ghosts
  2 glowing orange brains
  A spectral hydra (Lair:1)
  5 lindwurms
  A mana viper (shapeshifter) (Vaults:4)
  3 arcanists
  2 deep elf archers (Elf:1)
  5 deep elf zephyrmancers
  9 harpies
  6 orc knights
  6 ironbound convokers
  9 deep elf pyromancers
  An orc sorcerer (Orc:2)
  9 wolf spiders
  18 ugly things
  5 necromancers
  2 cyclopes (Shoals:4)
  4 shining eyes
  A manticore (Shoals:1)
  7 fauns
  4 steelbarb worms (Spider:4)
  3 meliai
  8 moths of wrath
  A kobold blastminer (Orc:2)
  5 merfolk sirens
  5 water nymphs
  A rust devil (D:13)
  8 vault sentinels
  3 tormentors
  A tengu conjurer (Depths:1)
  10 yaktaurs
  4 wind drakes (Shoals:4)
  13 merfolk
  3 hornets
  6 tarantellas
  A spectral dream sheep (Lair:1)
  3 snapping turtles
  4 dream sheep
  8 jumping spiders
  A snapping turtle (shapeshifter) (Depths:4)
  8 culicivoras
  47 slime creatures
  2 spriggans
  2 nameless horrors
  2 fire elementals (Elf:1)
  4 water elementals
  6 golden eyes
  4 redbacks (Spider:4)
  A death yak simulacrum (Lair:1)
  An acid dragon (Zot:2)
  2 hell hounds (Elf:1)
  3 orc warriors
  2 ogres (Orc:2)
  An earth elemental (Elf:1)
  6 jellies (Slime:2)
  A komodo dragon simulacrum (Lair:1)
  An orc priest (Depths:1)
  2 orc wizards (Orc:2)
  A shadow imp (Orc:2)
  3 orcs (Orc:2)
  4 aspiring fleshes
  5 foxfires
  A tentacle (Shoals:3)
734 creatures vanquished.

Vanquished Creatures (others)
  20 eldritch tentacles
  A deep troll shaman (Depths:4)
  2 hell knights (Depths:1)
  A deep elf knight (Elf:2)
  A harpy (Shoals:4)
  A necromancer (Depths:1)
  A moth of wrath (Zot:1)
  A rime drake (IceCv)
  A merfolk (Shoals:4)
  An air elemental (Elf:1)
  3 orc wizards (Orc:2)
  2 orcs (Orc:2)
  1414 foxfires
  9 snaplasher vines
  11 tentacles (Shoals:3)
1469 creatures vanquished.

Grand Total: 3794 creatures vanquished

Notes
Turn   | Place    | Note
-------+----------+-------------------------------------------
     0 | D:1      | Daunt the Mountain Dwarf Fire Elementalist began the quest
                  | for the Orb.
     0 | D:1      | Reached XP level 1. HP: 14/14 MP: 3/3
   173 | D:1      | Reached XP level 2. HP: 20/20 MP: 0/4
   251 | D:1      | Learned a level 2 spell: Scorch
   420 | D:1      | Reached skill level 5 in Fire Magic
   432 | D:1      | Reached XP level 3. HP: 26/26 MP: 1/5
   949 | D:1      | Found a faded altar of an unknown god.
   956 | D:1      | Prayed at the altar of an unknown god.
   956 | D:1      | Became a worshipper of Qazlal Stormbringer
   956 | D:1      | Reached * piety under Qazlal
  1337 | D:2      | Reached XP level 4. HP: 33/33 MP: 4/6
  1346 | D:2      | Reached skill level 1 in Conjurations
  1552 | D:3      | Reached ** piety under Qazlal
  1561 | D:3      | Reached XP level 5. HP: 38/38 MP: 1/8
  1718 | D:2      | Found a runed translucent door.
  1719 | D:2      | Noticed Crazy Yiuf
  2939 | D:4      | Noticed a black bear
  3051 | D:4      | Reached skill level 1 in Armour
  3074 | D:4      | Reached skill level 1 in Fighting
  3103 | D:4      | Reached XP level 6. HP: 47/47 MP: 5/9
  3138 | D:4      | Found a staircase to the Ecumenical Temple.
  3181 | D:4      | Reached skill level 1 in Shields
  3357 | D:4      | Reached *** piety under Qazlal
  3496 | D:4      | Reached XP level 7. HP: 52/52 MP: 6/10
  3743 | D:5      | Entered Level 5 of the Dungeon
  3749 | D:5      | You fall into a shaft and drop 1 floor!
  3818 | D:6      | Reached skill level 5 in Shields
  3845 | D:6      | Noticed Sigmund
  3850 | D:6      | Killed Sigmund
  3881 | D:6      | Noticed Maggie
  3899 | D:6      | Killed Maggie
  3900 | D:6      | Reached XP level 8. HP: 22/62 MP: 6/12
  4487 | D:6      | Noticed Grinder
  4648 | D:5      | Reached **** piety under Qazlal
  4666 | D:5      | Identified the +1 falchion "Rathixt" {drain, Dex+3}
  4964 | D:6      | Killed Grinder
  5538 | D:6      | Reached XP level 9. HP: 61/72 MP: 9/15
  5816 | D:7      | Found Xeigoro's Firing Range.
  5992 | D:7      | Noticed Jeremiah
  6275 | D:6      | Learned a level 4 spell: Flame Wave
  6578 | D:7      | Killed Jeremiah
  6740 | D:7      | Reached skill level 5 in Conjurations
  6870 | D:8      | Found Cuptiolu's Fire Supplies.
  7050 | D:8      | Reached skill level 5 in Fighting
  7050 | D:8      | Reached skill level 5 in Armour
  7181 | D:8      | Reached skill level 1 in Invocations
  7774 | D:8      | Bought a +1 hat of fire resistance for 208 gold pieces
  7885 | D:9      | Noticed a centaur warrior
  8084 | D:9      | Reached skill level 2 in Invocations
  8306 | D:9      | Found an opulent altar of Gozag.
  8437 | D:9      | Killed a centaur warrior
  8438 | D:9      | Reached skill level 5 in Spellcasting
  8438 | D:9      | Reached skill level 3 in Invocations
  8438 | D:9      | Reached XP level 10. HP: 77/83 MP: 10/17
  8537 | D:9      | Reached skill level 4 in Invocations
  8848 | D:9      | Found a glowing silver altar of Zin.
  9041 | D:10     | Entered Level 10 of the Dungeon
  9128 | D:10     | Found a burning altar of Makhleb.
  9129 | D:10     | Found a radiant altar of Vehumet.
  9129 | D:10     | Found a blossoming altar of Fedhas.
  9129 | D:10     | Found a shadowy altar of Dithmenos.
  9130 | D:10     | Found a stormy altar of Qazlal.
  9130 | D:10     | Found a sacrificial altar of Ru.
  9345 | D:10     | Found a shimmering blue altar of Sif Muna.
  9345 | D:10     | Found a hazy altar of Hepliaklqana.
  9345 | D:10     | Found a broken altar of Ashenzari.
  9347 | D:10     | Found a basalt altar of Yredelemnul.
  9347 | D:10     | Found an ornate altar of the Wu Jian Council.
  9347 | D:10     | Found a bloodstained altar of Trog.
  9545 | D:10     | Reached skill level 10 in Fire Magic
  9564 | D:10     | Noticed an orc knight
  9588 | D:10     | Killed an orc knight
  9589 | D:10     | Reached skill level 1 in Evocations
  9643 | D:10     | Found a staircase to the Orcish Mines.
 10025 | D:11     | Noticed a manticore
 10028 | D:11     | Noticed Erica
 10031 | D:11     | Killed a manticore
 10035 | D:11     | Killed Erica
 10082 | D:11     | Noticed a boulder beetle
 10177 | D:10     | Reached XP level 11. HP: 87/93 MP: 20/20
 10262 | D:11     | Reached ***** piety under Qazlal
 10361 | D:11     | Found a staircase to the Lair.
 10806 | D:11     | Learned a level 3 spell: Volatile Blastmotes
 10838 | D:11     | Killed a boulder beetle
 10839 | D:11     | Reached skill level 1 in Translocations
 10839 | D:11     | Reached skill level 5 in Invocations
 11127 | Lair:1   | Entered Level 1 of the Lair of Beasts
 11385 | D:11     | Reached skill level 6 in Invocations
 11617 | D:11     | Reached skill level 7 in Invocations
 11635 | Lair:1   | Reached skill level 8 in Invocations
 11750 | Lair:1   | Reached skill level 9 in Invocations
 11891 | Lair:1   | Reached skill level 10 in Invocations
 12094 | Lair:1   | Found a runed translucent gate.
 12095 | Lair:1   | Found a runed translucent gate.
 12096 | Lair:1   | Found a runed translucent gate.
 12098 | Lair:1   | Noticed Splishie's ghost (journeyman DrSh)
 12333 | Lair:1   | Reached XP level 12. HP: 62/103 MP: 4/21
 13364 | Lair:2   | Found a hole to the Spider Nest.
 13392 | Lair:2   | You fall into a shaft and drop 1 floor!
 13497 | Lair:2   | Noticed a catoblepas
 13960 | Lair:2   | Killed a catoblepas
 14201 | Lair:2   | Found a staircase to the Shoals.
 14359 | Lair:3   | Reached skill level 10 in Fighting
 14728 | Lair:3   | Reached skill level 1 in Polearms
 14847 | Lair:3   | Noticed a four-headed hydra
 14854 | Lair:3   | Killed a four-headed hydra
 14984 | Lair:3   | Noticed a six-headed hydra
 14997 | Lair:3   | Killed a six-headed hydra
 15206 | Lair:3   | Reached skill level 5 in Polearms
 15224 | Lair:3   | Reached XP level 13. HP: 110/113 MP: 22/22
 16777 | Lair:4   | Found a staircase to the Slime Pits.
 17125 | Lair:4   | Reached skill level 10 in Polearms
 17459 | Lair:5   | Entered Level 5 of the Lair of Beasts
 17608 | D:12     | Reached ****** piety under Qazlal
 17650 | D:12     | Found Gugadou's Goods Gallery.
 18133 | D:12     | Found a frozen archway.
 18164 | IceCv    | Entered an ice cave
 18845 | IceCv    | Noticed a white draconian
 18886 | IceCv    | Killed a white draconian
 19056 | IceCv    | Reached XP level 14. HP: 121/121 MP: 23/23
 19251 | D:12     | Bought +0 gold dragon scales for 880 gold pieces
 19898 | D:13     | Noticed Josephine
 19992 | D:12     | Killed Josephine
 20212 | D:13     | Found a sacrificial altar of Ru.
 21794 | D:14     | Found a gate to the Vaults.
 21942 | D:14     | Found a white marble altar of Elyvilon.
 22173 | D:14     | Found a portal to a secret trove of treasure.
 22342 | D:15     | Entered Level 15 of the Dungeon
 22362 | D:14     | Reached skill level 10 in Armour
 22376 | D:14     | Reached skill level 11 in Invocations
 22786 | D:15     | Noticed a purple very ugly thing
 22809 | D:15     | Killed a purple very ugly thing
 23001 | D:15     | Found the ring of the Mage {Wiz Archmagi}
 23034 | D:15     | Reached skill level 1 in Summonings
 23157 | D:15     | Found a staircase to the Depths.
 23166 | D:15     | Reached XP level 15. HP: 109/130 MP: 24/24
 23374 | D:15     | Found a shadowy altar of Dithmenos.
 23853 | Lair:4   | Reached skill level 5 in Summonings
 24470 | Lair:5   | Found a transporter.
 24546 | Lair:5   | Noticed zenocrate's ghost (journeyman GnDe)
 24606 | Lair:5   | Identified the +6 spear of Destiny {venom, rN++ MP+9 Dex-3
                  | Stlth+}
 24845 | Lair:5   | Paralysed by a hornet for 2 turns
 25228 | Lair:5   | Reached skill level 10 in Summonings
 25540 | Lair:5   | Reached skill level 1 in Earth Magic
 25759 | Lair:5   | Found a transporter.
 25884 | Lair:5   | Killed zenocrate's ghost
 26075 | Orc:1    | Entered Level 1 of the Orcish Mines
 26141 | Orc:1    | Found a dark tunnel.
 26165 | Volcano  | Entered a volcano
 26219 | Volcano  | Reached skill level 5 in Earth Magic
 26225 | Volcano  | Learned a level 4 spell: Animate Armour
 26299 | Volcano  | Found a bloodstained altar of Trog.
 26799 | Orc:2    | Entered Level 2 of the Orcish Mines
 26833 | Orc:2    | Reached XP level 16. HP: 98/137 MP: 22/25
 27132 | Orc:2    | Learned a level 2 spell: Blink
 27137 | Orc:2    | Identified the +1 hat of Valour {-Cast Regen+ Dex+6 Stlth+}
 27264 | Orc:2    | Found a staircase to the Elven Halls.
 27687 | Orc:2    | Reached skill level 12 in Invocations
 27860 | Orc:2    | Found Ugodor's Book Emporium.
 27882 | Orc:2    | Found a radiant altar of Vehumet.
 27907 | Orc:2    | Found Fimif's Distillery.
 27942 | Orc:2    | Found an ancient bone altar of Kikubaaqudgha.
 27950 | Orc:2    | Found a roughly hewn altar of Beogh.
 27950 | Orc:2    | Found Gokos's Antique Weapon Emporium.
 27970 | Orc:2    | Found Xeshroj's Book Emporium.
 28425 | Spider:1 | Entered Level 1 of the Spider Nest
 28878 | Orc:2    | Bought a book of Flames for 476 gold pieces
 28883 | Orc:2    | Learned a level 4 spell: Sticky Flame
 29447 | Lair:2   | Reached skill level 5 in Translocations
 30992 | Spider:2 | Learned a level 2 spell: Lesser Beckoning
 31063 | Spider:2 | Found a runed translucent door.
 31063 | Spider:2 | Noticed Ynexoj's ghost (journeyman TeSu)
 31099 | Spider:2 | Killed Ynexoj's ghost
 31149 | Spider:2 | Identified the +0 tower shield of Asceticism {Harm ^Drain
                  | Regen+ Str+3}
 31149 | Spider:2 | Noticed Louise
 31154 | Spider:2 | Killed Louise
 31818 | Spider:2 | Reached XP level 17. HP: 116/146 MP: 22/27
 32760 | Spider:2 | Learned a level 5 spell: Summon Forest
 33730 | Spider:4 | Entered Level 4 of the Spider Nest
 33779 | Spider:4 | Noticed Arachne
 35016 | Shoals:1 | Entered Level 1 of the Shoals
 35122 | Shoals:1 | Found Gonuasm's Jewellery Boutique.
 35222 | Shoals:1 | Identified the +9 falchion of the Walnut {vamp, Will+}
 35267 | Shoals:1 | Identified the granite talisman of the Spheres {rF+ rCorr
                  | Int+2}
 35267 | Shoals:1 | Noticed Roxanne
 35726 | Shoals:1 | Killed Roxanne
 35774 | Shoals:2 | Reached skill level 13 in Invocations
 35794 | Shoals:2 | Learned a level 6 spell: Summon Cactus Giant
 35921 | Shoals:2 | Found Tiocwore's Antique Armour Emporium.
 36032 | Shoals:2 | Bought a runed cloak for 210 gold pieces
 36043 | Shoals:2 | Bought an ancient plate armour for 784 gold pieces
 36043 | Shoals:2 | Identified the +1 plate armour of the Lily {Rampage
                  | *Corrode rElec} (You bought it in a shop on level 2 of the
                  | Shoals)
 36261 | Shoals:2 | Identified 2 scrolls of acquirement
 36284 | Shoals:2 | Reached skill level 14 in Invocations
 36292 | Shoals:2 | Acquired a +0 helmet of see invisible
 36393 | Shoals:2 | Identified the maw talisman of the King of the Hill {rCorr
                  | MP+9}
 36432 | Shoals:2 | Acquired the +1 pair of boots "Qeppungi" {MP+9 Str-3 Int+3}
 36734 | Shoals:3 | Found Madon's Distillery.
 36867 | Shoals:3 | Reached XP level 18. HP: 161/161 MP: 30/30
 37787 | Shoals:4 | Entered Level 4 of the Shoals
 38053 | Shoals:4 | Reached skill level 15 in Invocations
 38267 | Shoals:4 | Found a glowing golden altar of the Shining One.
 38423 | Shoals:4 | Reached skill level 15 in Fighting
 38728 | Shoals:4 | Found a white marble altar of Elyvilon.
 38917 | Shoals:4 | Found a glowing silver altar of Zin.
 38953 | Shoals:4 | Reached skill level 15 in Summonings
 39129 | Shoals:4 | Got a barnacled rune of Zot
 39648 | Spider:4 | Killed Arachne
 40167 | Spider:4 | Reached skill level 16 in Invocations
 40254 | Spider:4 | Reached XP level 19. HP: 171/171 MP: 32/32
 40707 | Spider:4 | Got a gossamer rune of Zot
 40913 | Lair:1   | Killed Splishie's ghost
 41088 | Vaults:1 | Entered Level 1 of the Vaults
 41507 | Vaults:1 | Reached skill level 10 in Spellcasting
 41838 | Vaults:1 | Found Nunic's Weapon Emporium.
 42065 | Vaults:1 | Found Vuoch's Assorted Antiques.
 42132 | Vaults:1 | Reached skill level 17 in Invocations
 42180 | Vaults:1 | Identified the +8 shortbow "Tiynan" {flame, Str+4}
 42181 | Vaults:1 | Identified the +1 pair of boots of the Salmon {rN+ Dex+3}
 42182 | Vaults:1 | Identified the amulet of Puawuc {-Tele rC+ Regen+ Stlth+}
 42871 | Vaults:2 | Identified the scarf of Budelad {harm, rElec}
 42941 | Vaults:2 | Found Esunoruu's Antique Armour Emporium.
 42944 | Vaults:2 | Bought a glowing cloak for 330 gold pieces
 42957 | Vaults:2 | Found a runed translucent door.
 42958 | Vaults:2 | Found Coir's General Store.
 43014 | Vaults:1 | Bought a pink potion for 28 gold pieces
 43014 | Vaults:1 | Bought a pink potion for 28 gold pieces
 43234 | Vaults:2 | Found Owiuq's Magic Scroll Boutique.
 43543 | Vaults:2 | Found Imeghocy's Weapon Shop.
 43636 | Vaults:2 | Found a staircase to the Crypt.
 43642 | Vaults:2 | Found Laasoxuo's General Store.
 44025 | Vaults:2 | Found a shimmering altar of Xom.
 44025 | Vaults:2 | Noticed AutarchDCSS's ghost (adept MDRe)
 44179 | Vaults:2 | Bought a potion of curing for 60 gold pieces
 44428 | Orc:2    | Bought a potion of curing for 42 gold pieces
 44428 | Orc:2    | Bought a potion of curing for 42 gold pieces
 44428 | Orc:2    | Bought a potion of curing for 42 gold pieces
 44428 | Orc:2    | Bought a potion of curing for 42 gold pieces
 44646 | D:14     | You paid a toll of 19 potions of curing to enter a treasure
                  | trove
 44647 | Trove    | Entered a treasure trove
 44683 | Trove    | Identified the ring "Hekuv" {rElec rF+ Int+6 Stlth-}
 44687 | Trove    | Identified the amulet "Wagiut" {Spirit rF+++ Will- Str+3}
 45252 | Vaults:3 | Reached skill level 18 in Invocations
 45310 | Vaults:3 | Reached skill level 15 in Armour
 45488 | Vaults:3 | Reached XP level 20. HP: 128/184 MP: 34/34
 45497 | Vaults:3 | Paralysed by a sphinx for 3 turns
 45823 | Vaults:3 | Acquired the +0 pair of boots of the Beginning {Rampage
                  | rN+++ Str-5 Dex+6}
 45824 | Vaults:3 | Acquired 753 gold pieces
 46081 | Vaults:3 | Found Niocsuno's Magic Scroll Shoppe.
 46225 | Vaults:3 | Noticed Mara
 46227 | Vaults:3 | Noticed Daunt's illusion
 46239 | Vaults:3 | Noticed Daunt's illusion
 46259 | Vaults:3 | Killed Mara
 48885 | Depths:1 | Entered Level 1 of the Depths
 48885 | Depths:1 | Found a one-way gate to the infinite horrors of the Abyss.
 48915 | Depths:1 | Reached XP level 21. HP: 155/191 MP: 19/35
 48981 | Depths:1 | Found a one-way gateway to a ziggurat.
 49100 | Depths:1 | Identified the +4 robe of Jocular Happiness {Dex+3
                  | Archmagi}
 49100 | Depths:1 | Noticed Boris
 49115 | Depths:1 | Killed Boris
 49115 | Depths:1 | Noticed Bai Suzhen
 49121 | Depths:1 | Killed Bai Suzhen
 49352 | Depths:1 | Got the Dissertation on the Transmuted Deep Freeze
 49390 | Depths:1 | Learned a level 7 spell: Summon Hydra
 49436 | Depths:1 | Noticed Norris
 49448 | Depths:1 | Noticed Saint Roka
 49451 | Depths:1 | Killed Norris
 49471 | Depths:1 | Killed Saint Roka
 49686 | Depths:1 | Found a gateway to Hell.
 49836 | Depths:1 | Reached skill level 5 in Dodging
 50033 | Depths:1 | Found a one-way gate leading to the halls of Pandemonium.
 50291 | Depths:2 | Found Osytin's Book Shop.
 50311 | Depths:2 | Found Ikhaary's Book Shoppe.
 50386 | Depths:2 | Noticed the Enchantress
 50413 | Depths:2 | Killed the Enchantress
 50518 | Depths:2 | Bought a manual of Translocations for 1520 gold pieces
 50552 | Depths:2 | Found Ufaach's Distillery.
 50606 | Depths:2 | Identified the +3 pair of gloves "Tuiwion" {rPois Will++
                  | Stlth+}
 50688 | Depths:2 | Found Ypaumeimn's Assorted Antiques.
 51841 | Depths:2 | Reached skill level 10 in Translocations
 52492 | Depths:3 | Reached XP level 22. HP: 123/200 MP: 4/36
 53034 | Depths:3 | Found a corrupted altar of Lugonu.
 53155 | Depths:3 | Identified the ring of the Voivode {rF+++ Will- Int+6 Dex-3
                  | Stlth+}
 53313 | Depths:3 | Found a runed translucent door.
 53313 | Depths:3 | Noticed a golden dragon
 53314 | Depths:3 | Found a runed translucent door.
 53315 | Depths:3 | Found a runed translucent door.
 53315 | Depths:3 | Noticed a golden dragon
 53350 | Depths:3 | Killed a golden dragon
 53352 | Depths:3 | Killed a golden dragon
 53793 | Depths:3 | Identified the ring of Cowardice {rC+ rN+ AC+4}
 53997 | Depths:3 | Identified the ring "Zoqarpho" {Wiz rF+}
 54004 | Depths:3 | Identified the ring of the Damp God {rPois rC- rCorr Dex+6
                  | Stlth-}
 54169 | Depths:4 | Entered Level 4 of the Depths
 54607 | Depths:4 | Noticed a juggernaut
 54625 | Depths:4 | Killed a juggernaut
 54771 | Depths:4 | Identified the +0 plate armour of Elitism {rC- rCorr
                  | Slay+3}
 55096 | Depths:4 | Found a gate to the Realm of Zot.
 55499 | Depths:4 | Found Vaghy's Neck Hole.
 56229 | D:12     | Bought a Grand Grimoire for 374 gold pieces
 56290 | D:12     | Learned a level 7 spell: Malign Gateway
 56388 | Elf:1    | Entered Level 1 of the Elven Halls
 56423 | Elf:1    | Found Erhos's Distillery.
 57248 | Elf:1    | Reached XP level 23. HP: 172/206 MP: 29/39
 57320 | Elf:1    | Noticed Azrael
 57328 | Elf:1    | Killed Azrael
 57710 | Elf:2    | Found Poanlo Zis's Armour Shop.
 58182 | Elf:2    | Found a huge runed translucent gate.
 58182 | Elf:2    | Found a huge runed translucent gate.
 58183 | Elf:2    | Found a huge runed translucent gate.
 58184 | Elf:2    | Found a huge runed translucent gate.
 58189 | Elf:2    | Found a huge runed translucent gate.
 58866 | Elf:3    | Entered Level 3 of the Elven Halls
 59613 | Elf:3    | Identified the ring "Lafaublu" {Fire rElec}
 60020 | Elf:3    | Identified the +12 quarterstaff of Trog's Whim {heavy, rF-
                  | rC+ Will++ rCorr}
 60037 | Elf:3    | Identified the +8 long sword of the Revolution {pain,
                  | *Corrode ^Drain +Blink Int+4}
 60121 | Elf:3    | Identified the +4 hand axe of Dismay {flame, Int+4}
 60158 | Elf:3    | Identified the +4 morningstar "Syfank" {heavy, rPois rC+++
                  | Int-4 Stlth-}
 60203 | Elf:3    | Got the Volume of the Shot
 60210 | Elf:3    | Identified the +9 shortbow of Cecadaich {flame, rPois
                  | Stlth+}
 60226 | Elf:3    | Learned a level 4 spell: Manifold Assault
 60285 | Elf:3    | Identified the +0 cloak of Resilience {Regen+ rCorr Str+3
                  | Int+4 Dex-3}
 60301 | Elf:3    | Identified the +2 pair of boots of Insatiable Hunger {Int-5
                  | Dex+3}
 60834 | Vaults:2 | Killed AutarchDCSS's ghost
 61284 | Slime:1  | Entered Level 1 of the Pits of Slime
 61552 | Slime:2  | Found a viscous altar of Jiyva.
 61907 | Slime:4  | Reached skill level 19 in Invocations
 62001 | Slime:5  | Entered Level 5 of the Pits of Slime
 62686 | Slime:5  | Reached XP level 24. HP: 216/216 MP: 39/40
 62695 | Slime:5  | Noticed the Royal Jelly
 62720 | Slime:5  | Killed the Royal Jelly
 62959 | Slime:5  | Found the +0 mask of the Dragon {Will+ Slay+3 SInv}
 62960 | Slime:5  | Gained mutation: You are frail. (-10% HP) [a shining eye]
 62961 | Slime:5  | Gained mutation: Your body sometimes deteriorates upon
                  | taking damage. [a shining eye]
 62964 | Slime:5  | Gained mutation: Armour fits poorly on your strangely
                  | shaped body. [a shining eye]
 62977 | Slime:5  | Identified the +4 arbalest of Necvargha {flame, rC++ Int+4}
 62979 | Slime:5  | Got a slimy rune of Zot
 63014 | Slime:5  | Identified the staff of Ruination {*Slow rPois rC++ Dex-4
                  | SInv Alchemy}
 63184 | Slime:5  | Found the +8 whip "Snakebite" {venom, curare, rPois}
 63186 | Slime:5  | Identified the ring "Cunilulu" {rElec Will+ SInv}
 63331 | Slime:5  | Got Ochuyzar's Treatise on Actinic Jinxing
 63335 | Slime:5  | Identified the +3 quick blade "Ydump" {freeze, Will+ Int+3}
 63342 | Slime:5  | Identified the ring of Noilos {Fire Int+6}
 63399 | Slime:5  | Identified the ring "Anaehehi" {rF+ rC- rN+++ MP+9 Str+4
                  | Stlth-}
 63401 | Slime:5  | Identified the +6 halberd of the Vendetta {antimagic,
                  | Str+7}
 63924 | Slime:5  | Acquired the +2 buckler "Zaysm" {+Inv Regen+}
 64189 | Orc:1    | Lost mutation: Armour fits poorly on your strangely shaped
                  | body. [potion of mutation]
 64189 | Orc:1    | Lost mutation: Your body sometimes deteriorates upon taking
                  | damage. [potion of mutation]
 64189 | Orc:1    | Gained mutation: Your body sometimes deteriorates upon
                  | taking damage. [potion of mutation]
 64190 | Orc:1    | Lost mutation: You are frail. (-10% HP) [potion of
                  | mutation]
 64190 | Orc:1    | Lost mutation: Your body sometimes deteriorates upon taking
                  | damage. [potion of mutation]
 64190 | Orc:1    | Gained mutation: Your body sometimes deteriorates upon
                  | taking damage. [potion of mutation]
 64270 | Elf:1    | Bought a potion of mutation for 120 gold pieces
 64270 | Elf:1    | Bought a potion of mutation for 120 gold pieces
 64270 | Elf:1    | Bought a potion of resistance for 150 gold pieces
 64528 | Depths:2 | Bought a potion of haste for 170 gold pieces
 64528 | Depths:2 | Bought 2 potions of curing for 102 gold pieces
 64786 | Elf:1    | Bought a potion of magic for 120 gold pieces
 64888 | Orc:2    | Bought a potion of haste for 140 gold pieces
 64888 | Orc:2    | Bought a potion of heal wounds for 70 gold pieces
 65082 | Shoals:3 | Bought a potion of heal wounds for 70 gold pieces
 65082 | Shoals:3 | Bought a potion of heal wounds for 70 gold pieces
 65082 | Shoals:3 | Bought a potion of resistance for 140 gold pieces
 65339 | Vaults:2 | Bought a potion of haste for 200 gold pieces
 65510 | Depths:2 | Bought a potion of heal wounds for 210 gold pieces
 65585 | Zot:1    | Entered Level 1 of the Realm of Zot
 65827 | Zot:1    | Reached skill level 5 in Evocations
 65945 | Zot:1    | Noticed an orb of fire
 65968 | Zot:1    | Killed an orb of fire
 66183 | Zot:1    | Noticed Grunn
 66210 | Zot:1    | Killed Grunn
 66819 | Zot:1    | Reached skill level 10 in Dodging
 67116 | Zot:2    | Reached skill level 20 in Invocations
 67420 | Zot:2    | Identified the +5 great sword "Etoifibb" {spect, rF+ rC-
                  | Str+2}
 67684 | Zot:2    | Identified the +1 robe of the Beastly Marlin {-Cast Harm
                  | Fly rCorr}
 67712 | Zot:2    | You fall into a shaft and drop 2 floors!
 67819 | Zot:3    | Reached XP level 25. HP: 208/228 MP: 18/40
 67861 | Zot:3    | Learned a level 8 spell: Summon Horrible Things
 67903 | Zot:2    | Found a bloodstained altar of Trog.
 67986 | Zot:2    | Noticed an orb of fire
 67991 | Zot:2    | Gained mutation: You occasionally lose the ability to drink
                  | potions when taking damage. [an orb of fire]
 67993 | Zot:2    | Reached skill level 21 in Invocations
 67997 | Zot:2    | Gained mutation: You are weak. (Str -2) [an orb of fire]
 67998 | Zot:2    | Gained mutation: You expend magic power (3 MP) to
                  | strengthen your wands. [an orb of fire]
 67999 | Zot:2    | Lost mutation: You occasionally lose the ability to drink
                  | potions when taking damage. [an orb of fire]
 68001 | Zot:2    | Gained mutation: Your mind is acute. (Int +4, Str/Dex -1)
                  | [an orb of fire]
 68019 | Zot:1    | Killed an orb of fire
 69793 | Zot:3    | Identified the +11 great sword of Renelliv {heavy, Str+2
                  | Int+3}
 70438 | Zot:4    | Noticed a Killer Klown
 70456 | Zot:4    | Killed a Killer Klown
 71068 | Zot:5    | Entered Level 5 of the Realm of Zot
 71105 | Zot:5    | Reached skill level 22 in Invocations
 71111 | Zot:5    | Noticed a Killer Klown
 71132 | Zot:5    | Killed a Killer Klown
 71284 | Zot:5    | Noticed an orb of fire
 71413 | Zot:5    | Killed an orb of fire
 71630 | Zot:5    | Noticed an orb of fire
 71649 | Zot:5    | Gained mutation: You occasionally lose the ability to read
                  | scrolls when taking damage. [an orb of fire]
 71651 | Zot:5    | Gained mutation: Potions are less effective at restoring
                  | your health. [an orb of fire]
 71657 | Zot:5    | Killed an orb of fire
 71658 | Zot:5    | Lost mutation: Your body sometimes deteriorates upon taking
                  | damage. [potion of mutation]
 71658 | Zot:5    | Lost mutation: You expend magic power (3 MP) to strengthen
                  | your wands. [potion of mutation]
 71658 | Zot:5    | Lost mutation: Potions are less effective at restoring your
                  | health. [potion of mutation]
 71658 | Zot:5    | Lost mutation: Your mind is acute. (Int +4, Str/Dex -1)
                  | [potion of mutation]
 71658 | Zot:5    | Gained mutation: You have sharp toenails. [potion of
                  | mutation]
 71916 | Zot:5    | Noticed an orb of fire
 71929 | Zot:5    | Gained mutation: You sometimes lose the ability to read
                  | scrolls when taking damage. [an orb of fire]
 71936 | Zot:5    | Killed an orb of fire
 72077 | Zot:5    | Noticed an ancient lich
 72078 | Zot:5    | Noticed a Killer Klown
 72094 | Zot:5    | Killed an ancient lich
 72154 | Zot:5    | Noticed a Killer Klown
 72160 | Zot:5    | Killed a Killer Klown
 72161 | Zot:5    | Reached skill level 23 in Invocations
 72330 | Zot:5    | Noticed an orb of fire
 72332 | Zot:5    | Gained mutation: You are dopey. (Int -2) [an orb of fire]
 72334 | Zot:5    | Killed a Killer Klown
 72335 | Zot:5    | Gained mutation: Your body sometimes deteriorates upon
                  | taking damage. [an orb of fire]
 72355 | Zot:5    | Killed an orb of fire
 72534 | Zot:5    | Noticed an orb of fire
 72538 | Zot:5    | Noticed a dread lich
 72540 | Zot:5    | Noticed an orb of fire
 72554 | Zot:5    | Reached XP level 26. HP: 216/242 MP: 25/40
 72719 | Zot:5    | Gained mutation: You are very dopey. (Int -4) [an orb of
                  | fire]
 72719 | Zot:5    | Gained mutation: You sometimes lose your temper in combat.
                  | [an orb of fire]
 72729 | Zot:5    | Killed an orb of fire
 72731 | Zot:5    | Killed an orb of fire
 72873 | Zot:5    | Lost mutation: You have sharp toenails. [potion of
                  | mutation]
 72873 | Zot:5    | Lost mutation: You are very dopey. (Int -4) [potion of
                  | mutation]
 72873 | Zot:5    | Gained mutation: You have very sharp teeth. [potion of
                  | mutation]
 72873 | Zot:5    | Gained mutation: You passively map a small area around you.
                  | [potion of mutation]
 72873 | Zot:5    | Lost mutation: You sometimes lose your temper in combat.
                  | [potion of mutation]
 72874 | Zot:5    | Lost mutation: You are weak. (Str -2) [potion of mutation]
 72874 | Zot:5    | Lost mutation: You have very sharp teeth. [potion of
                  | mutation]
 72874 | Zot:5    | Gained mutation: You occasionally shout uncontrollably at
                  | your foes. [potion of mutation]
 72874 | Zot:5    | Gained mutation: You are resistant to electric shocks.
                  | (rElec) [potion of mutation]
 72875 | Zot:5    | Lost mutation: You are resistant to electric shocks.
                  | (rElec) [potion of mutation]
 72875 | Zot:5    | Lost mutation: You passively map a small area around you.
                  | [potion of mutation]
 72875 | Zot:5    | Lost mutation: You occasionally shout uncontrollably at
                  | your foes. [potion of mutation]
 72875 | Zot:5    | Gained mutation: You expend magic power (3 MP) to
                  | strengthen your wands. [potion of mutation]
 72875 | Zot:5    | Gained mutation: Your health recovers twice as slowly from
                  | being drained. [potion of mutation]
 72875 | Zot:5    | Gained mutation: Your muscles are strong. (Str +4, Int/Dex
                  | -1) [potion of mutation]
 72875 | Zot:5    | Gained mutation: A frigid envelope surrounds you and
                  | freezes all who hurt you. [potion of mutation]
 72876 | Zot:5    | Lost mutation: Your muscles are strong. (Str +4, Int/Dex
                  | -1) [potion of mutation]
 72876 | Zot:5    | Lost mutation: Your health recovers twice as slowly from
                  | being drained. [potion of mutation]
 72876 | Zot:5    | Gained mutation: Your system is resistant to poisons.
                  | (rPois) [potion of mutation]
 72876 | Zot:5    | Gained mutation: You have a pair of small horns on your
                  | head. [potion of mutation]
 72970 | Zot:5    | Killed a dread lich
 73115 | Zot:5    | Got the Anthology of the Exothermic Mortuary
 73283 | Zot:5    | Got the Orb of Zot
 73290 | Zot:5    | Noticed an orb of fire
 73417 | Depths:4 | Noticed Eqerupt the pandemonium lord
 73566 | D:14     | Reached skill level 24 in Invocations
 73860 | D:$      | Escaped with the Orb!

Illustrated notes

Levels and vault maps discovered:
D:1:      wheals_arrival_shading, layout_loops_cross,
          hellmonk_ecumenical_altar_slurped_away
D:2:      layout_loops_ring, serial_rivers, chequers_serial_rivers_small_a,
          chequers_serial_rivers_marsh, chequers_serial_rivers_micro_a,
          chequers_serial_rivers_marsh, chequers_serial_rivers_micro_c,
          minmay_ruptured, uniq_crazy_yiuf_cottage
D:3:      layout_rooms, nicolae_the_louvre
D:4:      cheibrodos_pilgrimage, layout_basic, minmay_temple_entry_antechambers
D:5:      layout_cave_pools
D:6:      layout_loops_corners, uniq_sigmund, uniq_grinder, uniq_maggie
D:7:      layout_rooms, nicolae_shop_firing_range, uniq_jeremiah
D:8:      layout_basic, nicolae_shop_fire_sale [nicolae_sub_dead_trees]
D:9:      layout_grid_maze, pdpol_temple_overflow_zin_treasury_gozag_greed,
          minivault_4, hangedman_fish_farm
D:10:     layout_basic, nicolae_overflows_in_rows, erik_orc_2,
          minmay_fountain_box
D:11:     layout_roguey, dpeg_lair_monsters, uniq_erica
D:12:     nrook_guardian_serpent_snake_passage, layout_long_grid,
          portal_ice_cave_demonic_guard, nicolae_alphabet_shops, nicolae_titane
D:13:     layout_rooms, nicolae_ru_path_of_blood, uniq_josephine
D:14:     layout_basic, lightli_vaults_fourway_checkpoint, elyvilon_altar_3,
          nicolae_trove_entry_crystal
D:15:     hangedman_depths_entry_civil_slaughter, layout_rooms,
          nicolae_dithmenos_the_darkroom, skrybe_limestone_x
Lair:1:   layout_gridlike, gammafunk_ghost_necromancy
Lair:2:   layout_loops_ring, elwin_shoals_entry_rooms,
          nicolae_spider_entry_orb_guardian
Lair:3:   layout_roguey, grunt_megastairs_1, lemuel_fruit_fields,
          infiniplex_staircase_pool, serial_bayou_shore_b
Lair:4:   layout_hall_layers, slime_entry_1
Lair:5:   hangedman_lair_caniforms_friends, layout_gridlike, wormcave,
          gammafunk_ghost_arena, infiniplex_staircase_pool_2
Shoals:1: layout_shoals, serial_shops, shop, uniq_roxanne
Shoals:2: layout_shoals, serial_shops, nicolae_shop_advertising_works
          [nicolae_subvault_shop_adworks]
Shoals:3: layout_shoals, nicolae_stop_n_shop_2, nicolae_shoals_land_atoll
Shoals:4: shoals_end_hellmonk_holy_island
Spider:1: nicolae_spider_brood_tunnel, worms_lemuel
Spider:2: layout_spider_delve, hellmonk_ghost_happy_afterlife, drop_trap,
          nicolae_spider_rock_and_or_roll, uniq_louise
Spider:3: layout_chambers
Spider:4: hellmonk_spider_rune_bug_friends, uniq_arachne
Slime:1:  layout_caves
Slime:2:  layout_caves, basic_altar, nicolae_slime_welcoming_committee
Slime:3:  layout_caves
Slime:4:  layout_caves, nicolae_slime_rock_hall_of_fame
Slime:5:  slime_pit_nicolae_inversion
Orc:1:    layout_diamond_mine, enter_volcano_2, nicolae_orc_damp_corner
Orc:2:    kennysheep_orc_mage_school, layout_diamond_mine, hangedman_minor_magic
Elf:1:    minmay_slanted_spiral_squares, layout_geoelf_grid, serial_shops,
          nicolae_shop_industrial_runoff, nicolae_elf_blasts_and_bolts,
          drop_trap, uniq_azrael
Elf:2:    elven_hall_of_blades_hangedman_alternative
          [nicolae_blade_entry_crossed_weapons], layout_geoelf_grid,
          serial_shops, shop, minmay_misc_feat_pillars, minivault_24
Elf:3:    minmay_elf_hall_not_hex, layout_rooms, grunt_ministairs_15
Vaults:1: v_misc_1, nicolae_vaults_closet_pinwheel_6,
          nicolae_vaults_angled_halls, v_rooms_6,
          nicolae_vaults_variable_pillar_hall_cross,
          nicolae_vaults_border_crossing, vaults_mumra_hexcomb,
          nicolae_vaults_taking_the_gang_shopping, nicolae_vaults_apartment_2,
          nicolae_vaults_tetromino_L_1, nicolae_vaults_security_offices_2,
          vaults_dpeg_encased_lava, layout_vaults_omnicross, serial_shops,
          nicolae_shop_peninsula
Vaults:2: ebering_ghost_xom, blue_anna_dwarven_crypt,
          ontoclasm_vaults_ring_large, vaults_standard_mumra_enter_the_diamond,
          nicolae_vaults_little_squares_4, ontoclasm_vaults_misaligned,
          nicolae_vaults_six-pack, layout_vaults_omnigrid, serial_shops, shop,
          shop, nicolae_shop_tiny_glass, nicolae_shop_window_shopping,
          nicolae_shop_crystal
Vaults:3: hangedman_vaults_cutoff, v_alt_pattern_3, dpeg_vaults_waves,
          nicolae_vaults_oval_intersection, v_rooms_6, v_misc_9,
          nicolae_vaults_double_plus_3, nicolae_vaults_what_the_h, v_misc_27,
          nicolae_vaults_angled_halls, v_misc_1, layout_vaults_maze_bifur,
          serial_shops, nicolae_shop_tiny_glass, uniq_mara
Vaults:4: ontoclasm_vaults_chip, nicolae_vaults_wine_cellar,
          nicolae_vaults_alarming, v_misc_15, nicolae_vaults_little_squares_3,
          vaults_mumra_chevron_long, vaults_room_pool, vaults_room_semicircle,
          nicolae_vaults_octothorpe, vaults_room_door_hall,
          hangedman_vaults_hat, nicolae_vaults_weapon_check,
          nicolae_vaults_tetromino_L_1, ontoclasm_vaults_loading_screen,
          layout_vaults_ring
Depths:1: layout_twisted_cross, enter_ziggurat_d, nicolae_twisting_strands,
          rand_demon_pan_entry_4, abyss_entry, hell_entry,
          minmay_mirror_moons_of_madness, uniq_bai_suzhen, uniq_saint_roka,
          uniq_norris, uniq_boris
Depths:2: nzn_winding_woodlands_three_and_one
          [nzn_winding_woodlands_5x15_pockets,
          nzn_winding_woodlands_5x15_garden,
          nzn_winding_woodlands_5x15_river_crossing,
          nzn_winding_woodlands_center_lodge], layout_long_grid, hell_entry,
          rand_demon_pan_entry_9, minmay_misc_feat_rows, serial_shops, shop,
          shop, nicolae_shop_tiny_statue_garden, shop,
          infiniplex_staircase_9_rooms, uniq_enchantress
Depths:3: minmay_the_grid_triangle_9x9_recursive_3
          [minmay_the_grid_triangle_9x9_impossible_snake,
          minmay_the_grid_triangle_9x9_dagger,
          minmay_the_grid_triangle_9x9_zippers_vertical,
          minmay_the_grid_triangle_9x9_prize_special,
          minmay_the_grid_triangle_9x9_semitri,
          minmay_the_grid_triangle_9x9_fully_insulated_deathbox,
          minmay_the_grid_triangle_9x9_corrupted_corridor,
          minmay_the_grid_triangle_9x9_pentomino_pain,
          minmay_the_grid_triangle_9x9_sparse_checkered], layout_cross,
          abyss_entry_flame_altar, hell_entry, minmay_misc_feat_secret_circle,
          pan_entry, grunt_decor_cap, grunt_ministairs_7
Depths:4: evilmike_zot_entry_argh, layout_gridlike, hell_entry,
          abyss_entry_small_statue_room, nicolae_shop_sticking_my_neck_out,
          infiniplex_staircase_pool_lava, grunt_megastairs_4
Zot:1:    grunt_zot_stairs_mandelzot, layout_twisted_circle, uniq_grunn
Zot:2:    layout_onion_interference, basic_altar, st_small_dragon_hoard_4,
          grunt_ministairs_2
Zot:3:    layout_gridlike, st_single_dragon_hoard_4, st_single_dragon_hoard_1,
          regret_index_zotdec_icy_dp, grunt_ministairs_4,
          lemuel_baited_zot_trap, uniq_josephina
Zot:4:    layout_cellular_growth, nicolae_tricolors
Zot:5:    layout_misc_corridors, grunt_ministairs_13, st_stairs_8

Skill      XL: |  1  2  3  4  5  6  7  8  9 10 11 12 13 14 15 16 17 18 19 20 21 22 23 24 25 26 |
---------------+-------------------------------------------------------------------------------+-----
Fire Magic     | 4 5 6 7 9 10 | 10.8
Conjurations   | 2 3 4 5 6 |  6.6
Spellcasting   | 2 3 4 5 6 7 8 9 10 12 13 14 | 14.0
Armour         | 1 2 4 5 6 8 11 13 15 18 20 | 20.0
Fighting       | 1 2 4 6 7 8 10 11 14 15 17 18 19 21 | 21.8
Shields        | 4 5 6 |  6.0
Invocations    | 3 4 10 11 12 14 16 18 19 20 23 24 | 24.0
Evocations     | 2 4 7 |  7.0
Translocations | 3 6 11 13 14 | 14.0
Dodging        | 2 4 5 6 10 | 10.0
Polearms       | 5 12 14 | 14.0
Summonings     | 2 10 13 14 15 17 18 20 21 | 21.0
Earth Magic    | 5 6 |  6.0
Stealth        | |  1.4

Action                     |  1- 3 |  4- 6 |  7- 9 | 10-12 | 13-15 | 16-18 | 19-21 | 22-24 | 25-27 || total
---------------------------+-------+-------+-------+-------+-------+-------+-------+-------+-------++-------
  Melee: Short sword       |    12 |    20 |       |       |       |       |       |       |       ||    32
         Hand axe          |       |       |    15 |       |       |       |       |       |       ||    15
         Trident           |       |       |    13 |   165 |   358 |       |       |       |       ||   536
         Demon trident     |       |       |       |       |  1108 |  1418 |  1366 |  1893 |   615 ||  6400
         Trishula          |       |       |       |       |       |       |       |       |     1 ||     1
         Headbutt          |       |       |       |       |       |       |       |       |    10 ||    10
   Cast: Foxfire           |    36 |   108 |   216 |   307 |   227 |    32 |       |     1 |       ||   927
         Scorch            |     6 |    10 |    71 |   138 |   100 |     3 |       |       |       ||   328
         Flame Wave        |       |       |     3 |    19 |    30 |       |       |       |       ||    52
         Volatile Blastmot |       |       |       |     3 |       |       |       |       |       ||     3
         Animate Armour    |       |       |       |       |     1 |   111 |    96 |   149 |    59 ||   416
         Blink             |       |       |       |       |       |     4 |     1 |     1 |     2 ||     8
         Lesser Beckoning  |       |       |       |       |       |    27 |     5 |       |     4 ||    36
         Summon Forest     |       |       |       |       |       |    17 |    18 |     1 |       ||    36
         Summon Cactus Gia |       |       |       |       |       |    37 |    74 |    55 |     5 ||   171
         Summon Hydra      |       |       |       |       |       |       |    12 |    38 |     3 ||    53
         Malign Gateway    |       |       |       |       |       |       |       |     7 |    13 ||    20
         Manifold Assault  |       |       |       |       |       |       |       |     2 |       ||     2
         Summon Horrible T |       |       |       |       |       |       |       |       |    36 ||    36
         Sticky Flame      |       |       |       |       |       |       |       |       |     4 ||     4
 Invoke: Disaster Area     |       |       |       |       |     1 |     5 |       |     1 |       ||     7
         Elemental Force   |       |       |       |       |       |     5 |     3 |     2 |     2 ||    12
         Upheaval          |       |       |       |       |       |     8 |     1 |     4 |       ||    13
Ability: Evoke Invisibilit |       |       |       |       |       |       |       |     2 |       ||     2
  Evoke: Wand              |       |       |       |    15 |     7 |     2 |     1 |     2 |     1 ||    28
         Box of beasts     |       |       |       |       |       |       |       |     1 |       ||     1
    Use: Scroll            |       |     1 |     6 |    10 |    10 |    18 |    11 |    15 |     5 ||    76
         Potion            |       |       |     2 |     1 |     6 |     3 |     1 |    10 |    18 ||    41
   Stab: Invisible         |       |       |       |       |     2 |       |       |     4 |       ||     6
         Distracted        |       |       |       |       |       |     5 |    11 |     4 |     8 ||    28
         Paralysed         |       |       |       |       |       |       |     3 |     9 |       ||    12
         Confused          |       |       |       |       |       |       |       |       |     1 ||     1
         Petrified         |       |       |       |       |       |       |       |       |     3 ||     3
         Petrifying        |       |       |       |       |       |       |       |       |     1 ||     1
 Armour: Robe              |     2 |       |       |       |       |       |       |       |       ||     2
         Leather armour    |     8 |     1 |       |       |       |       |       |       |       ||     9
         Ring mail         |       |    12 |     6 |       |       |       |       |       |       ||    18
         Swamp dragon scal |       |       |   141 |   280 |   170 |       |       |       |       ||   591
         Skin              |       |       |       |       |     7 |       |       |       |       ||     7
         Gold dragon scale |       |       |       |       |   652 |  1330 |   929 |  1267 |   486 ||  4664
  Dodge: Dodged            |    15 |    10 |    79 |   156 |   132 |    81 |   139 |   214 |   106 ||   932
         Repelled          |       |       |     1 |     2 |     7 |     5 |     2 |    19 |    11 ||    47
  Block: Other             |       |     2 |       |       |       |       |       |       |       ||     2
         Buckler           |       |     1 |    80 |   219 |   576 |   724 |   535 |   690 |   233 ||  3058

Table legend: (Time is in decaauts)
 A = Elapsed time spent in this place.
 B = Non-inter-level travel time spent in this place.
 C = Inter-level travel time spent in this place.
 D = Time resting spent in this place.
 E = Time spent auto-exploring this place.
 F = Levels seen in this place.
 G = Mean time per level.
                   A        B        C        D        E       F      G
               +--------+--------+--------+--------+--------+-----+--------+
         Total |  71943 |  62512 |   9431 |   9122 |  32863 |  54 | 1332.3 |
       Dungeon |  18796 |  15183 |   3613 |   1740 |   8399 |  15 | 1253.1 |
          Lair |  10294 |   8909 |   1385 |   2044 |   4031 |   5 | 2058.8 |
        Shoals |   4316 |   3949 |    367 |    715 |   1569 |   4 | 1079.0 |
   Spider Nest |   6690 |   5714 |    976 |   1489 |   2248 |   4 | 1672.5 |
    Slime Pits |   2408 |   2299 |    109 |    576 |   1032 |   5 |  481.6 |
  Orcish Mines |   2491 |   1702 |    789 |      0 |   1140 |   2 | 1245.5 |
   Elven Halls |   3984 |   3695 |    289 |    340 |   2336 |   3 | 1328.0 |
        Vaults |   7257 |   6416 |    841 |    338 |   4025 |   4 | 1814.2 |
        Depths |   7063 |   6295 |    768 |    275 |   4121 |   4 | 1765.8 |
           Zot |   7345 |   7056 |    289 |   1095 |   3774 |   5 | 1469.0 |
         Trove |    110 |    110 |      0 |      0 |     39 |   1 |  110.0 |
      Ice Cave |    943 |    943 |      0 |    507 |     91 |   1 |  943.0 |
       Volcano |    243 |    243 |      0 |      0 |     55 |   1 |  243.0 |
               +--------+--------+--------+--------+--------+-----+--------+

Top non-repeatable levels by time:
  Lair:2: 3174 daAuts
Spider:3: 2527 daAuts
  Lair:4: 2055 daAuts
Vaults:1: 2002 daAuts
Spider:2: 1984 daAuts
   Zot:5: 1919 daAuts
  Lair:5: 1903 daAuts
Depths:2: 1895 daAuts
     D:6: 1870 daAuts
Depths:4: 1857 daAuts
    D:14: 1807 daAuts
Depths:3: 1788 daAuts
Vaults:3: 1783 daAuts
Vaults:2: 1778 daAuts
    D:11: 1769 daAuts
